Map: 烏瑞那

Players

FWHas (Has) - Winner!

  • Race: Protoss Protoss
  • League: Master

Fist

  • Race: Zerg Zerg
  • League: Diamond

Event: 2016 WCS Winter Challenger Taiwan

VOD

Have the link to the VOD?

Description

Time

  • Played on: Jan. 7, 2016, 7:31 a.m.
  • Length: 3:51

All games in this series

Show
View Real Time Build Order
Export as new Build Order

FWHas Protoss - Winner!

Build Orders: Nexus First 

Get SALT Encoding   

  12  0:00  Probe (Chrono Boost)  
  13  0:11  Probe (Chrono Boost)  
  14  0:19  Pylon  
  14  0:23  Probe (Chrono Boost)  
  15  0:37  Probe (Chrono Boost)  
  16  0:48  Probe (Chrono Boost)  
  17  1:00  Nexus  
  17  1:05  Probe (Chrono Boost)  
  18  1:15  Gateway  
  19  1:18  Probe (Chrono Boost)  
  19  1:29  Probe (Chrono Boost)  
  20  1:33  Assimilator x2  
  20  1:39  Probe (Chrono Boost)  
  21  1:45  Gateway  
  21  1:50  Probe (Chrono Boost)  
  22  2:00  Probe (Chrono Boost)  
  23  2:02  Cybernetics Core  
  23  2:12  Probe (Chrono Boost)  
  24  2:16  Probe (Chrono Boost)  
  26  2:22  Probe (Chrono Boost)  
  26  2:26  Probe (Chrono Boost)  
  27  2:31  Pylon  
  27  2:33  Probe (Chrono Boost)  
  29  2:37  Probe (Chrono Boost)  
  29  2:39  Adept (Chrono Boost)  
  29  2:42  Adept (Chrono Boost)  
  33  2:48  Probe  
  34  2:52  Probe  
  34  2:59  Pylon  
  34  3:00  Probe (Chrono Boost)  
  36  3:07  Mothership Core (Chrono Boost)  
  36  3:11  Probe (Chrono Boost)  
  38  3:18  Adept  
  40  3:22  Probe (Chrono Boost)  
  40  3:25  Probe (Chrono Boost)  
  42  3:31  Pylon  
  42  3:32  Probe (Chrono Boost)  
  43  3:35  Pylon  
  43  3:39  Probe (Chrono Boost)  
Show
View Real Time Build Order
Export as new Build Order

Fist Zerg 

Build Orders: Hatch First 

Get SALT Encoding   

  12  0:01  Drone  
  13  0:13  Overlord  
  13  0:20  Drone  
  14  0:32  Drone  
  14  0:33  Drone  
  16  0:37  Drone  
  17  0:55  Hatchery  
  16  0:58  Drone  
  16  0:59  Drone  
  18  1:07  Extractor  
  17  1:16  Spawning Pool  
  17  1:18  Drone  
  17  1:22  Drone  
  18  1:35  Drone  
  19  2:04  Zergling x6  
  19  2:08  Queen  
  24  2:09  Metabolic Boost  
  24  2:13  Zergling x2  
  25  2:16  Queen  
  25  2:21  Zergling x2  
  28  2:34  Overlord  
  28  2:52  Zergling x8  
  32  3:08  Zergling x4  
Tags
 
Add a new tag
Caveats
  • Supply blocks, unpowered buildings, or Contaminate may cause inaccurate times.
  • Supply counts are checked every 10 seconds.